 Dungeon Crawl Stone Soup version 0.30-a0-354-g6b83867211 (webtiles) character file.

Game seed: 3329543703117506778

277 oldriver the Changer (level 6, 0/62 HPs)
             Began as an Ogre Transmuter on Nov 8, 2022.
             Slain by an orc wizard
             ... wielding a +1 dagger of freezing
              (2 damage)
             ... on level 4 of the Dungeon.
             The game lasted 00:05:26 (3572 turns).

oldriver the Changer (Ogre Transmuter)              Turns: 3572, Time: 00:05:27

Health: 0/62       AC:  5    Str: 14    XL:     6   Next: 26%
Magic:  11/11      EV: 10    Int: 15    God:
Gold:   152        SH:  0    Dex: 13    Spells: 6/12 levels left

rFire   . . .      SeeInvis .      - Unarmed
rCold   x . .      Faith    .    (no shield)
rNeg    + . .      Spirit   .    p - +2 robe {Archmagi}
rPois   .          Reflect  .    (helmet restricted)
rElec   .          Harm     .    (no cloak)
rCorr   .          Rampage  .    (gloves unavailable)
Will    .....      Archmagi +    (boots unavailable)
Stlth   +.........               (no amulet)
HPRegen 0.30/turn                j - ring of positive energy
MPRegen 0.12/turn                (no ring)

@: wereblooded, flying
A: large, unfitting armour, tough skin 1, agile 1, deterioration 1, cold
vulnerability 1
a: no special abilities


You were on level 4 of the Dungeon.
You visited 1 branch of the dungeon, and saw 4 of its levels.

You collected 152 gold pieces.

Inventory:

Armour
 p - a +2 robe of the Archmagi (worn)
Jewellery
 i - an amulet of guardian spirit
 j - a ring of positive energy (left hand)
Scrolls
 c - a scroll of blinking {unknown}
 e - 2 scrolls of fear {unknown}
 f - a scroll of immolation {unknown}
 g - 6 scrolls of identify {unknown}
 n - 2 scrolls of poison
 o - a scroll of brand weapon {unknown}
Potions
 k - a potion of mutation
 l - a potion of flight


   Skills:
 + Level 3.8 Fighting
 - Level 1.7 Dodging
 - Level 2.6 Unarmed Combat
 + Level 3.9 Spellcasting
 * Level 4.0 Transmutations
 + Level 1.5 Poison Magic


You had 6 spell levels left.
You knew the following spells:

 Your Spells              Type           Power      Damage    Failure   Level
a - Beastly Appendage     Tmut           44%        N/A       3%          1
b - Wereblood             Tmut           22%        N/A       5%          2
c - Spider Form           Tmut/Pois      17%        N/A       17%         3

Your spell library contained the following spells:

 Spells                   Type           Power      Damage    Failure   Level
 Ignite Poison            Fire/Tmut/Pois 12%        N/A       26%         3
 Dazzling Flash           Conj/Hex       8%         N/A       50%         3
 Frozen Ramparts          Ice            8%         1d2       50%         3
 Kindle Blastsparks       Fire/Tloc/Air  8%         2d10      50%         3
 Ice Form                 Ice/Tmut       13%        N/A       61%         4
 Olgreb's Toxic Radiance  Pois           11%        N/A       67%         4
 Iskenderun's Mystic Bla  Conj/Tloc      4%         2d3       88%         4
 Summon Ice Beast         Ice/Summ       4%         N/A       88%         4
 Freezing Cloud           Conj/Ice/Air   2%         6-21      99%         5
 Starburst                Conj/Fire      2%         6d3       100%        6
 Ozocubu's Refrigeration  Ice            2%         4d7       100%        7
 Ignition                 Fire           2%         3d3       100%        8


Dungeon Overview and Level Annotations

Branches:
Dungeon (4/15)             Temple (0/1) D:4

Altars:

Annotations:
D:4 Menkaure


Innate Abilities, Weirdness & Mutations

You are too large for most types of armour.
You have tough skin. (AC +1)
You are agile. (Dex +4, Str/Int -1)
Your body sometimes deteriorates upon taking damage.
You are vulnerable to cold. (rC-)


Message History

* * * LOW HITPOINT WARNING * * *
The orc wizard hits you with a +1 dagger of freezing.
* * * LOW HITPOINT WARNING * * *
The orc wizard freezes you.
* * * LOW HITPOINT WARNING * * *
You hit the orc wizard but do no damage.
The orc wizard is heavily wounded.
The orc barely misses you.
The orc wizard points at you and mumbles some strange words.
The magic dart hits you!
* * * LOW HITPOINT WARNING * * *
Unknown command.
You hit the orc wizard.
The orc wizard is heavily wounded.
The orc closely misses you.
The orc wizard hits you but does no damage.
Unknown command.
You feel better. The orc hits you but does no damage.
The orc wizard barely misses you.
It was a potion of mutation.
You feel extremely strange.
You feel yourself wasting away.
You feel vulnerable to cold.
You feel agile. The orc closely misses you.
The orc wizard hits you with a +1 dagger of freezing.
* * * LOW HITPOINT WARNING * * *
The orc wizard freezes you.
* * * LOW HITPOINT WARNING * * *
It was a potion of flight.
You feel very buoyant.
You fly up into the air.
The orc hits you but does no damage. The orc wizard closely misses you.
It was a potion of magic.
Magic courses through your body. The orc hits you with a +0 dagger.
* * * LOW HITPOINT WARNING * * *
The orc wizard barely misses you.
Unknown command.
You barely miss the orc wizard.
The orc wizard is heavily wounded.
The orc completely misses you.
The orc wizard hits you with a +1 dagger of freezing.
You die...

...#...#.....#.....#...#......
...
##'##.....'...☼.##'###.....
.... ... .....#..☼..#..#
#..... ##. #...
+#.#####§#+#..# #..... ...
#.+○°§§.#...####..... ##.
#####°°○###..## #......
+.#☼§o○§§☼#..# ##.....
###.#)#oo§#+#.## #.....
#...o.#○@°#....# ##(...
....'....o##+###.#.# #....
....#...^.# ...#.## ##... ...
###.#+# #####..# ##.. .. +.#
##.# #. . ### #.## ##.# #.#
#.##


You could see an orc wizard and 2 orcs.

Vanquished Creatures
  A jelly (D:4)
  An orc priest (D:4)
  Jessica (D:2)
  Natasha (D:4)
  An iguana (D:4)
  5 adders
  2 worms
  4 dart slugs
  4 orcs
  9 ball pythons
  8 bats
  4 endoplasms
  5 giant cockroaches
  5 goblins
  A hobgoblin (D:1)
  11 jackals
  6 kobolds
  2 quokkas (D:1)
  5 frilled lizards
  6 rats
82 creatures vanquished.

Vanquished Creatures (others)
  13 plants (D:1)
13 creatures vanquished.

Grand Total: 95 creatures vanquished

Notes
Turn   | Place    | Note
-------+----------+-------------------------------------------
     0 | D:1      | oldriver the Ogre Transmuter began the quest for the Orb.
     0 | D:1      | Reached XP level 1. HP: 19/19 MP: 3/3
   130 | D:1      | Reached skill level 2 in Transmutations
   142 | D:1      | Reached XP level 2. HP: 28/28 MP: 3/5
   595 | D:1      | Found a faded altar of an unknown god.
   761 | D:1      | Reached XP level 3. HP: 35/35 MP: 5/7
  1191 | D:2      | Reached skill level 3 in Transmutations
  1191 | D:2      | Reached XP level 4. HP: 30/44 MP: 8/8
  1348 | D:2      | Learned a level 2 spell: Wereblood
  1352 | D:2      | Learned a level 3 spell: Spider Form
  1519 | D:2      | Noticed Jessica
  1527 | D:2      | Killed Jessica
  1815 | D:3      | Reached XP level 5. HP: 52/53 MP: 10/10
  2751 | D:4      | Found a staircase to the Ecumenical Temple.
  2766 | D:4      | Reached skill level 1 in Poison Magic
  2810 | D:4      | Noticed an ogre
  3101 | D:4      | Noticed Natasha
  3137 | D:4      | Killed Natasha
  3334 | D:4      | Noticed Menkaure
  3426 | D:4      | Reached XP level 6. HP: 40/62 MP: 6/11
  3547 | D:4      | Reached skill level 4 in Transmutations
  3566 | D:4      | HP: 3/62 [orc wizard/magic dart (7)]
  3569 | D:4      | Gained mutation: Your body sometimes deteriorates upon
                  | taking damage. [potion of mutation]
  3569 | D:4      | Gained mutation: You are vulnerable to cold. (rC-) [potion
                  | of mutation]
  3569 | D:4      | Gained mutation: You are agile. (Dex +4, Str/Int -1)
                  | [potion of mutation]
  3571 | D:4      | HP: 2/62 [orc/+0 dagger (1)]
  3572 | D:4      | Slain by an orc wizard

Illustrated notes

Levels and vault maps discovered:
D:1:      ebering_trefoil_twist, layout_loops_ring,
          dilly_ecumenical_altar_fadedgnrine, serial_bayou_lagoon_a,
          kennysheep_decorative_pillar
D:2:      layout_rooms, hex_tiny, uniq_jessica
D:3:      layout_basic, kennysheep_crisscross
D:4:      nicolae_cairo_tiling_large, layout_cave_pods,
          minmay_temple_entry_drinking_statues, uniq_menkaure, uniq_natasha

Skill      XL: |  1  2  3  4  5  6 |
---------------+-------------------+-----
Transmutations | 2 3 4 |  4.0
Fighting       | 2 3 |  3.8
Spellcasting   | 3 |  3.9
Poison Magic   | 1 |  1.5
Dodging        | |  1.7
Unarmed Combat | |  2.6

Action                   |  1- 3 |  4- 6 || total
-------------------------+-------+-------++-------
Melee: Unarmed           |   112 |   160 ||   272
       Kick              |    17 |    36 ||    53
       Headbutt          |    10 |    22 ||    32
       Punch             |     1 |       ||     1
 Cast: Beastly Appendage |    33 |    23 ||    56
       Wereblood         |       |    16 ||    16
       Spider Form       |       |     1 ||     1
  Use: Potion            |       |     7 ||     7
       Scroll            |       |     2 ||     2
Armor: Robe              |    53 |    63 ||   116
       Skin              |       |    25 ||    25
Dodge: Dodged            |    49 |    97 ||   146

Table legend: (Time is in decaauts)
 A = Elapsed time spent in this place.
 B = Non-inter-level travel time spent in this place.
 C = Inter-level travel time spent in this place.
 D = Time resting spent in this place.
 E = Time spent auto-exploring this place.
 F = Levels seen in this place.
 G = Mean time per level.
                   A        B        C        D        E       F      G
               +--------+--------+--------+--------+--------+-----+--------+
         Total |   3581 |   3491 |     90 |    472 |   2213 |   4 |  895.2 |
       Dungeon |   3581 |   3491 |     90 |    472 |   2213 |   4 |  895.2 |
               +--------+--------+--------+--------+--------+-----+--------+

Top non-repeatable levels by time:
     D:3: 1152 daAuts
     D:1: 882 daAuts
     D:2: 795 daAuts
     D:4: 750 daAuts
